AoeStats
← AiM | CyclopsTron

Nomad

503539739Analyzed
4v4 RM · 1mo ago on Sep 1, 2026· 61m 50s· 8 players
Game mode
Random Map
Map size
231×231
Population
200
Speed
Normal
Resources
Standard
Victory
Conquest
Starting age
Dark Age
Ending age
Imperial Age
RankedLock teamsTeams togetherTeam positionsShared explorationLock speedFull tech treeHidden civsTurbo modeCheats
Victory
Defeat
🇲🇽 Spanish · Mexico
1602
+15
🇨🇱 Persians · Chile
1579
+16
🇲🇽 Vietnamese · Mexico
1476
+20
🇦🇷 Dravidians · Argentina
1415
+23
🇺🇾 Italians · Uruguay
1672
-23
🇺🇾 Malians · Uruguay
1558
-18
🇺🇾 Wu · Uruguay
1548
-17
🇺🇾 Magyars · Uruguay
1522
-16
AiM | CyclopsTron
3:53 Loom
13:13 Feudal Age
13:51 Double-Bit Axe
16:52 Fletching
25:17 Castle Age
29:41 Fishing Lines
31:00 Wheelbarrow
32:00 Town Watch
34:31 Stone Mining
35:33 Bow Saw
37:05 Gold Mining
42:11 Imperial Age
40:43 Stone Shaft Mining
42:38 Padded Archer Armor
43:02 Bloodlines
42:52 Husbandry
42:29 Elite Conquistador
44:52 Horse Collar
46:01 Padded Archer Armor
47:57 Leather Archer Armor
47:19 Pikeman
47:59 Squires
48:30 Conscription
48:37 Supremacy
48:44 Scale Mail Armor
49:29 Ring Archer Armor
49:49 Chain Mail Armor
50:31 Forging
52:40 Arson
52:19 Halberdier
53:24 Inquisition
54:07 Plate Mail Armor
54:30 Iron Casting
54:32 Sanctity
53:41 Capped Ram
55:07 Block Printing
55:18 Illumination
54:51 Herbal Medicine
55:32 Theocracy
55:57 Redemption
56:03 Atonement
56:18 Fervor
57:34 Siege Ram
58:37 Bodkin Arrow
59:43 Chemistry
59:03 Ballistics
58:55 Masonry
60:06 Blast Furnace
61:04 Guilds
60:55 Caravan
AiM | EleuieseKa
7:26 Loom
12:44 Feudal Age
14:40 Double-Bit Axe
17:03 Castle Age
16:19 Horse Collar
17:55 Bow Saw
19:38 Wheelbarrow
20:31 Fletching
22:01 Scale Barding Armor
22:07 Forging
32:43 Hand Cart
34:41 Chain Barding Armor
36:04 Bloodlines
35:54 Husbandry
39:08 Imperial Age
38:32 Gold Mining
38:35 Stone Mining
40:04 Plate Barding Armor
39:11 Cavalier
41:01 Iron Casting
40:57 Conscription
41:06 Savar
44:34 Blast Furnace
44:42 Chemistry
50:26 Light Cavalry
51:40 Hussar
58:06 Kamandaran
58:18 Citadels
AIM | Agua cate 98
4:53 Loom
12:34 Feudal Age
15:16 Double-Bit Axe
18:09 Wheelbarrow
23:03 Castle Age
22:57 Horse Collar
24:08 Medium Warships
24:25 Bow Saw
25:00 Fletching
25:23 Forging
27:53 Iron Casting
29:32 Fletching
30:38 Town Watch
35:26 Bodkin Arrow
39:16 Scale Mail Armor
41:39 Padded Archer Armor
44:47 Imperial Age
43:00 Leather Archer Armor
42:30 Elite Skirmisher
45:12 Ballistics
47:18 Chemistry
47:24 Gold Mining
48:12 Bracer
48:42 Ring Archer Armor
50:32 Conscription
50:11 Siege Elephant
51:41 Hand Cart
58:06 Pikeman
58:46 Squires
59:03 Chain Mail Armor
62:04 Plate Mail Armor
AiM | Fubuki Sinri
5:16 Loom
13:27 Feudal Age
17:14 Castle Age
16:50 Double-Bit Axe
18:47 Fletching
19:41 Bodkin Arrow
27:47 Horse Collar
33:29 Ballistics
33:52 Padded Archer Armor
40:15 Wheelbarrow
40:14 Town Watch
45:20 Imperial Age
43:26 Scale Mail Armor
43:37 Squires
44:18 Scale Mail Armor
44:29 Forging
45:41 Chain Mail Armor
47:20 Elite Fire Lancer
48:33 Bow Saw
48:47 Arson
51:07 Plate Mail Armor
51:53 Iron Casting
52:27 Elite Fire Lancer
54:59 Hoardings
57:32 Chemistry
56:38 Siege Engineers
57:18 Heavy Plow
58:20 Two-Man Saw
58:27 Hand Cart
57:57 Town Watch
58:34 Bracer
58:57 Gold Mining
58:58 Stone Mining
59:19 Town Patrol
60:31 Crop Rotation
60:23 Paper Money
60:58 Leather Archer Armor
61:05 Elite Rattan Archer
62:38 Ring Archer Armor
|FMG| Nadie
12:14 Feudal Age
14:02 Loom
18:56 Castle Age
17:01 Fletching
17:30 Stone Mining
19:51 Medium Warships
20:10 Bodkin Arrow
21:31 Fishing Lines
24:46 Padded Archer Armor
24:35 Double-Bit Axe
25:24 Forging
27:04 Gillnets
31:23 Wheelbarrow
31:38 Demolition Ship
33:02 Clinker Construction
33:03 Careening
38:15 Imperial Age
36:49 Scale Mail Armor
37:28 Stone Shaft Mining
36:43 Gold Mining
38:37 Squires
38:24 Arson
38:59 Bracer
39:58 Leather Archer Armor
41:07 Chemistry
40:28 Ballistics
41:01 Chain Mail Armor
43:19 Ring Archer Armor
43:20 Plate Mail Armor
42:55 Scale Barding Armor
45:17 Iron Casting
44:33 Elite Genoese Crossbowman
45:26 Murder Holes
45:12 Treadmill Crane
45:33 Horse Collar
46:04 Guard Tower
46:42 Conscription
48:14 Keep
49:46 Hoardings
51:22 Blast Furnace
51:06 Bow Saw
51:09 Masonry
50:45 Arrowslits
51:11 Fortified Wall
53:59 Hand Cart
53:29 Town Watch
54:24 Bloodlines
53:34 Light Cavalry
54:14 Husbandry
54:47 Chain Barding Armor
55:48 Architecture
55:39 Bombard Tower
55:42 Shipwright
57:03 Heavy Warships
56:51 Hussar
57:12 Elite Cannon Galleon
58:57 Plate Barding Armor
58:30 Heavy Plow
59:03 Pirotechnia
|FMG| twitch/JabsUY
8:29 Loom
11:34 Feudal Age
13:36 Fletching
25:39 Castle Age
24:33 Double-Bit Axe
25:04 Horse Collar
25:49 Scale Mail Armor
30:14 Chain Mail Armor
40:03 Bodkin Arrow
48:28 Imperial Age
46:46 Pikeman
47:26 Squires
47:38 Forging
49:14 Halberdier
53:50 Plate Mail Armor
53:56 Iron Casting
60:31 Wheelbarrow
|FMG| pablomac12
8:17 Loom
13:23 Feudal Age
15:38 Loom
17:05 Horse Collar
22:09 Castle Age
20:36 Scale Barding Armor
20:24 Gold Mining
23:48 Chain Barding Armor
24:55 Wheelbarrow
24:46 Double-Bit Axe
27:40 Bloodlines
28:43 Husbandry
28:41 Town Watch
32:25 Heavy Plow
32:37 Bow Saw
38:05 Imperial Age
35:56 Fishing Lines
38:20 Gold Shaft Mining
37:52 Fletching
39:15 Corvinian Army
40:51 Plate Barding Armor
39:53 Elite Magyar Huszar
41:30 Conscription
41:14 Cavalier
58:22 Bodkin Arrow
58:49 Ballistics
59:30 Chemistry
60:12 Hoardings
61:25 Paladin
|FMG| TINCHO
9:57 Loom
13:40 Feudal Age
17:14 Castle Age
15:35 Double-Bit Axe
24:08 Horse Collar
24:45 Bow Saw
27:16 Town Watch
28:33 Scale Mail Armor
37:29 Forging
45:19 Imperial Age
42:47 Fletching
43:06 Heavy Plow
44:32 Wheelbarrow
44:35 Bodkin Arrow
46:32 Chain Mail Armor
49:34 Ballistics
49:27 Masonry
50:13 Hoardings
50:36 Ballistics
51:22 Hand Cart
58:40 Chemistry
Connection lost

Rejoining the realm…

Still unreachable

The connection could not be restored.

Session expired

The server has moved on; the page needs a fresh start.